 Dungeon Crawl Stone Soup version 0.14.0-24-gfb45beb (webtiles) character file.

184 staplegun the Skirmisher (level 5, -5/51 HPs)
             Began as a Gargoyle Berserker on Apr 24, 2014.
             Was a Believer of Trog.
             Slain by Sigmund
             ... wielding a +0,+0 scythe
              (7 damage)
             ... on Level 3 of the Dungeon.
             The game lasted 00:03:04 (2062 turns).

staplegun the Skirmisher (Gargoyle Berserker)       Turns: 2062, Time: 00:03:04

HP  -5/51        AC 12     Str 26      XL: 5   Next: 24%
MP   5/5         EV 10     Int  8      God: Trog [**....]
Gold 42          SH  0     Dex  9      Spells:  0 memorised,  4 levels left

rFire  . . .     SeeInvis .     a - +0 mace
rCold  . . .     Clarity  .     z - +2 ring mail
rNeg   + . .     Conserve .     (no shield)
rPois  +         rCorr    .     (no helmet)
rElec  +         rRot     +     (no cloak)
SustAb . .       Spirit   .     s - +0 pair of gloves
rMut   .         Warding  .     (no boots)
Saprov . . .     Stasis   .     (no amulet)
MR     .....                    (no ring)
                                (no ring)

@: berserking (expiring), very quick, not resistant to hostile enchantments,
extremely unstealthy
A: life protection 1, electricity resistance, unbreathing, petrification
resistance, AC +4
a: Burn Spellbooks, Berserk, Trog's Hand, Renounce Religion


You were on level 3 of the Dungeon.
You worshipped Trog.
Trog was pleased with you.
You were not hungry.

You visited 1 branch of the dungeon, and saw 3 of its levels.

You collected 42 gold pieces.

Inventory:

Hand weapons
 a - a +0,+0 mace (weapon)
Armour
 b - a +0 animal skin
 s - a +0 pair of gloves (worn)
 z - a +2 ring mail (worn)
Comestibles
 c - 2 bread rations
 f - an apple
 g - 2 pears
 u - a meat ration
Scrolls
 i - a scroll of enchant armour {unknown}
 l - 3 scrolls of identify
 p - a scroll of teleportation {unknown}
 r - a scroll of remove curse {unknown}
 v - a scroll of enchant weapon I {unknown}
 w - a scroll of immolation {unknown}
 x - a scroll of fear
Jewellery
 m - an uncursed ring of positive energy {unknown}
 t - an uncursed ring of sustain abilities {unknown}
 y - an uncursed ring of regeneration {unknown}
Potions
 e - a potion of flight
 h - a potion of paralysis
 j - 3 potions of curing
 k - a potion of invisibility {unknown}
 n - a potion of haste {unknown}
 o - 2 potions of heal wounds {unknown}
 q - a potion of mutation {unknown}


   Skills:
 + Level 4.5 Fighting
 + Level 4.5 Maces & Flails
 + Level 3.6 Armour
 - Level 1.5 Dodging


You had 4 spell levels left.
You didn't know any spells.

Dungeon Overview and Level Annotations

Branches:
Dungeon (3/15)

Altars:
Nemelex Xobeh
Okawaru
Sif Muna
The Shining One

Annotations:
D:3 Sigmund


Innate Abilities, Weirdness & Mutations

You are resistant to torment.
You are immune to poison.
You are immune to rotting.
Your stone body is very resilient (AC +4).
You resist negative energy.
You are resistant to electric shocks.
You can survive without breathing.
You are immune to petrification.


Message History

You hit Sigmund.
Sigmund is severely wounded.
You closely miss Sigmund.
Sigmund is severely wounded.
Sigmund hits you with a scythe.
* * * LOW HITPOINT WARNING * * *
You hit Sigmund.
Sigmund is severely wounded.
You sock Sigmund!
Sigmund is almost dead.
Sigmund closely misses you.
You closely miss Sigmund.
Sigmund is almost dead.
You closely miss Sigmund.
Sigmund is almost dead.
Sigmund closely misses you.
You closely miss Sigmund.
Sigmund is almost dead.
Sigmund hits you with a scythe!
You die...

#.# . #.# #.......
##...##.# ..#>......
.......##.# ......##.#
#....##.# .
#..#s##@###.##
#...s@......#
#.##...#......#
##...##..#......# #
#..8..##..###.$.# ..
..8.8..##...##.## ..##
.8._.8. ###....#### ....#
..8.8..##........... .
.....##..8..+#..####.####


You could see Sigmund and a giant mite.

Vanquished Creatures
  Natasha (D:3)
  Ijyb (D:3)
  Jessica (D:2)
  3 adders (D:2)
  An inept feature mimic (D:2)
  A worm (D:3)
  2 giant geckos (D:1)
  2 orcs (D:3)
  A ball python (D:1)
  2 giant cockroaches (D:1)
  6 goblins
  4 hobgoblins (D:1)
  2 jackals (D:2)
  6 kobolds
  A quokka (D:2)
  5 bats
  A giant newt (D:1)
  7 rats
47 creatures vanquished.

Notes
Turn   | Place    | Note
--------------------------------------------------------------
     0 | D:1      | staplegun, the Gargoyle Berserker, began the quest for the Orb.
     0 | D:1      | Reached XP level 1. HP: 14/14 MP: 1/1
   375 | D:1      | Reached XP level 2. HP: 13/19 MP: 2/2
  1063 | D:2      | Reached XP level 3. HP: 21/24 MP: 3/3
  1167 | D:2      | Acquired Trog's second power
  1209 | D:2      | Reached skill level 4 in Maces & Flails
  1295 | D:2      | Found a deep blue altar of Sif Muna.
  1295 | D:2      | Found an iron altar of Okawaru.
  1390 | D:2      | Noticed Jessica
  1395 | D:2      | Killed Jessica
  1395 | D:2      | Reached XP level 4. HP: 10/29 MP: 4/4
  1911 | D:3      | Found a sparkling altar of Nemelex Xobeh.
  1915 | D:3      | Noticed Ijyb
  1965 | D:3      | Killed Ijyb
  1965 | D:3      | Reached XP level 5. HP: 20/34 MP: 5/5
  1984 | D:3      | Found a glowing golden altar of the Shining One.
  2018 | D:3      | Noticed Natasha
  2019 | D:3      | Noticed Sigmund
  2029 | D:3      | Killed Natasha
  2057 | D:3      | HP: 1/51 [Sigmund/scythe (3)]
  2062 | D:3      | Slain by Sigmund

Action                   |  1- 3 |  4- 6 || total
-------------------------+-------+-------++-------
Melee: Mace              |   103 |   127 ||   230
Invok: Berserk           |       |     2 ||     2
       Trog's Hand       |       |     1 ||     1
  Use: Potion            |       |     4 ||     4
       Scroll            |       |     3 ||     3
 Stab: Sleeping          |     1 |       ||     1
